 Dungeon Crawl Stone Soup version 0.28.0-47-ge53b351184 (webtiles) character file.

Game seed: 12147230658558073800

100 Mattiprrivan the Sneak (level 4, 0/22 (30) HPs)
             Began as a Demonspawn Ice Elementalist on Apr 29, 2022.
             Was a Follower of Wu Jian.
             Slain by an adder (2 damage)
             ... on level 3 of the Dungeon.
             The game lasted 00:13:21 (2849 turns).

Mattiprrivan the Sneak (DsIE)                       Turns: 2849, Time: 00:13:22

HP:   0/22 (30)     AC:  2    Str:  9    XL:     4   Next: 47%
MP:   19/19         EV: 12    Int: 18    God:    Wu Jian [*.....]
Gold: 120           SH:  0    Dex: 13    Spells: 5/12 levels left

rFire   . . .      SeeInvis .   e - +0 hand axe
rCold   . . .      Faith    .   (no shield)
rNeg    . . .      Spirit   .   a - +0 robe
rPois   .          Reflect  .   (no helmet)
rElec   .          Harm     .   (no cloak)
rCorr   .          Rampage  .   (no gloves)
Will    .....                   (no boots)
Stlth   +++.......              d - amulet of the acrobat
HPRegen 0.07/turn               i - +4 ring of slaying
MPRegen 0.16/turn               j - ring of magical power

@: lethally poisoned (0 -> -3), very heavily drained
A: ignite blood 2
a: Renounce Religion


You were on level 3 of the Dungeon.
You worshipped Wu Jian.
Wu Jian was aware of your devotion.
You visited 1 branch of the dungeon, and saw 3 of its levels.

You collected 120 gold pieces.

Inventory:

Hand Weapons
 e - a +0 hand axe (weapon)
Missiles
 c - 4 poisoned darts
 f - a throwing net
 g - 3 datura-tipped darts (quivered)
Armour
 a - a +0 robe (worn)
Jewellery
 d - an amulet of the acrobat (around neck)
 i - a +4 ring of slaying (left hand)
 j - a ring of magical power (right hand)
Wands
 h - a wand of paralysis (6)
Potions
 b - a potion of flight


   Skills:
 * Level 0.2 Fighting
 * Level 2.7 Axes
 * Level 0.2 Throwing
 * Level 0.1 Armour
 * Level 1.8 Dodging
 * Level 4.9 Stealth
 * Level 0.3 Unarmed Combat
 * Level 4.7 Spellcasting
 * Level 3.9 Ice Magic
 * Level 0.1 Evocations


You had 5 spell levels left.
You knew the following spells:

 Your Spells              Type           Power      Damage    Failure   Level
a - Freeze                Ice            72%        1d9       2%          1
b - Frozen Ramparts       Ice            36%        1d5       9%          3
c - Ozocubu's Armour      Ice            18%        N/A       9%          3

Your spell library contained the following spells:

 Spells                   Type           Power      Damage    Failure   Level
 Animate Skeleton         Necr           8%         N/A       14%         1
 Pain                     Necr           16%        1d4       14%         1
 Static Discharge         Conj/Air       4%         N/A       21%         2
 Vampiric Draining        Necr           4%         2d6       38%         3
 Hailstorm                Conj/Ice       11%        3d5       52%         4
 Passage of Golubria      Tloc           4%         N/A       80%         4
 Lightning Bolt           Conj/Air       2%         1d13      98%         5
 Dispersal                Tloc           2%         N/A       100%        6
 Maxwell's Capacitive Co  Air            2%         ∞         100%        8


Dungeon Overview and Level Annotations

Branches:
Dungeon (3/15)

Altars:
Wu Jian


Innate Abilities, Weirdness & Mutations

Your demonic aura often causes spilled blood to erupt in flames.


Message History

It was a scroll of noise.
You hear a shout!
Found 22 stones.
Found 18 stones.
You see here 18 stones.
You now have 120 gold pieces (gained 15).
A necrophage comes into view.
An adder comes into view.
The adder hisses angrily.
You lunge at the necrophage.
The helpless necrophage fails to defend itself.
You hit the necrophage.
The necrophage is lightly damaged.
The necrophage hits you.
You feel drained.
You hit the necrophage.
The necrophage is lightly damaged.
The necrophage hits you.
You feel drained.
You hit the necrophage.
The necrophage is moderately damaged.
The necrophage hits you.
You feel drained.
You hit the necrophage.
The necrophage is heavily damaged.
The necrophage hits you.
You feel drained.
You hit the necrophage.
The necrophage is severely damaged.
You barely miss the adder. The adder barely misses you.
The necrophage hits you.
You feel drained. The adder bites you. The necrophage hits you.
You hit the necrophage.
The necrophage is almost destroyed.
You hit the adder. The adder bites you.
* * * LOW HITPOINT WARNING * * *
You are lethally poisoned!
The adder poisons you! The necrophage barely misses you.
You hit the necrophage.
The necrophage is almost destroyed.
You hit the adder.
* * * LOW HITPOINT WARNING * * *
You feel sick. The adder bites you.
You die...

##...#
####....#
+.......#
####...##
####..#####
#.........#
#.#...###.#
#.#.#####.#
#...S@n...#
###.#######
#.# #.# #.#
#.# #S# ..#


You could see a necrophage and an adder.

Vanquished Creatures
  3 adders
  2 worms
  3 dart slugs
  2 ball pythons
  7 bats
  2 endoplasms
  4 hobgoblins
  5 quokkas
  3 frilled lizards
  4 goblins
  5 kobolds
  9 rats
49 creatures vanquished.

Notes
Turn   | Place    | Note
-------+----------+-------------------------------------------
     0 | D:1      | Mattiprrivan the Demonspawn Ice Elementalist began the
                  | quest for the Orb.
     0 | D:1      | Reached XP level 1. HP: 13/13 MP: 3/3
    98 | D:1      | Gained mutation: Your demonic aura sometimes causes spilled
                  | blood to erupt in flames. [demonic ancestry]
    98 | D:1      | Reached XP level 2. HP: 19/19 MP: 3/7
   780 | D:1      | Gained mutation: Your demonic aura often causes spilled
                  | blood to erupt in flames. [demonic ancestry]
   780 | D:1      | Reached XP level 3. HP: 24/24 MP: 7/9
   784 | D:1      | Learned a level 3 spell: Frozen Ramparts
   788 | D:1      | Learned a level 3 spell: Ozocubu's Armour
  1372 | D:2      | Got the Almanac of Translocation
  1784 | D:2      | Found a faded altar of an unknown god.
  1892 | D:2      | Prayed at the altar of an unknown god.
  1892 | D:2      | Became a worshipper of the Wu Jian Council
  1892 | D:2      | Reached * piety under Wu Jian
  1921 | D:2      | Reached XP level 4. HP: 30/30 MP: 10/10
  2840 | D:3      | Noticed a necrophage
  2849 | D:3      | Slain by an adder

Illustrated notes

Levels and vault maps discovered:
D:1:      dpeg_arrival_boxes_within_box, layout_basic, serial_bayou_lagoon_a
D:2:      layout_basic, dreamdust_ecumenical_altar_statues,
          minmay_misc_feat_diagonals, grunt_decor_fettered
D:3:      layout_loops_corners, st_stairs_5

Skill      XL: |  1 |
---------------+----+-----
Axes           | 2 |  2.7
Stealth        | 4 |  4.9
Spellcasting   | 4 |  4.7
Fighting       | |  0.2
Throwing       | |  0.2
Armour         | |  0.1
Dodging        | |  1.8
Unarmed Combat | |  0.3
Ice Magic      | |  3.9
Evocations     | |  0.1

Action                   |  1- 3 |  4- 6 || total
-------------------------+-------+-------++-------
Melee: Unarmed           |     4 |       ||     4
       Hand axe          |     1 |    48 ||    49
       Punch             |       |     2 ||     2
 Cast: Freeze            |    48 |       ||    48
       Frozen Ramparts   |       |     2 ||     2
Invok: Lunge             |     1 |     9 ||    10
       Whirlwind         |       |     7 ||     7
  Use: Potion            |     6 |     1 ||     7
       Scroll            |     1 |     1 ||     2
 Stab: Sleeping          |       |     6 ||     6
Armor: Robe              |     4 |     6 ||    10
Dodge: Dodged            |    26 |    35 ||    61
